 Dungeon Crawl Stone Soup version 0.27-a0-1200-g94dc6ad4cf (webtiles) character file.

Game seed: 9711554663636478126

7589 bande the Cleaver (level 11, -6/67 HPs)
             Began as a Gargoyle Fighter on May 31, 2021.
             Was a Follower of Okawaru.
             Killed from afar by a deep elf pyromancer (41 damage)
             ... with a bolt of fire
             ... on level 9 of the Dungeon.
             The game lasted 00:21:15 (8429 turns).

bande the Cleaver (Gargoyle Fighter)                Turns: 8429, Time: 00:21:15

Health: -6/67      AC: 24    Str: 22    XL:     11   Next: 17%
Magic:  12/12      EV:  6    Int:  9    God:    Okawaru [*.....]
Gold:   572        SH: 12    Dex: 10    Spells: 10/10 levels left

rFire    . . .     SeeInvis .   a - +0 war axe (venom)
rCold    . . .     Faith    .   c - +1 kite shield
rNeg     + . .     Spirit   .   u - +0 plate armour
rPois    ∞         Reflect  .   y - +0 helmet
rElec    +         Harm     .   f - +0 cloak
rCorr    .         Rampage  .   (no gloves)
Will     +....                  (no boots)
Stlth    ..........             e - amulet of regeneration
HPRegen  1.21/turn              h - ring of willpower
MPRegen  0.13/turn              d - +4 ring of slaying

@: no status effects
A: sickness immunity, AC +8, negative energy resistance 1, electricity
resistance, torment resistance 1, petrification resistance
a: Renounce Religion, Heroism


You were on level 9 of the Dungeon.
You worshipped Okawaru.
Okawaru was aware of your devotion.
You visited 2 branches of the dungeon, and saw 10 of its levels.

You collected 572 gold pieces.

Inventory:

Hand Weapons
 a - a +0 war axe of venom (weapon)
 x - a +2 scimitar of flaming
Missiles
 j - 4 throwing nets (quivered)
 z - 2 curare-tipped darts
Armour
 c - a +1 kite shield (worn)
 f - a +0 cloak (worn)
 u - a +0 plate armour (worn)
 y - a +0 helmet (worn)
Jewellery
 b - a +4 ring of evasion
 d - a +4 ring of slaying (right hand)
 e - an amulet of regeneration (around neck)
 h - a ring of willpower (left hand)
 k - an amulet of magic regeneration
 n - a ring of ice
 p - a ring of protection from fire
 s - a +6 ring of dexterity
 t - a ring of magical power
Wands
 l - a wand of acid (14)
 r - a wand of flame (14)
 v - a wand of iceblast (20)
 w - a wand of mindburst (13)
Scrolls
 g - 5 scrolls of teleportation
 m - 3 scrolls of fog
 A - 2 scrolls of identify
Potions
 i - a potion of cancellation
 o - a potion of invisibility
 q - a potion of haste


   Skills:
 + Level 7.3 Fighting
 + Level 9.9 Axes
 + Level 8.0 Armour
 - Level 2.1 Dodging
 + Level 7.7 Shields
 * Level 1.8 Invocations
 * Level 5.8 Evocations


You had 10 spell levels left.
You didn't know any spells.
Your spell library contained the following spells:

 Spells                   Type           Power      Damage    Failure   Level
 Animate Skeleton         Necr           0%         N/A       100%        1
 Corona                   Hex            0%         N/A       100%        1
 Pain                     Necr           0%         1d4       100%        1
 Slow                     Hex            0%         N/A       100%        2
 Inner Flame              Hex/Fire       0%         N/A       100%        3
 Portal Projectile        Hex/Tloc       0%         N/A       100%        3
 Vampiric Draining        Necr           0%         2d6       100%        3
 Animate Dead             Necr           0%         N/A       100%        4
 Cause Fear               Hex            0%         N/A       100%        4
 Leda's Liquefaction      Hex/Erth       0%         N/A       100%        4
 Agony                    Necr           0%         N/A       100%        5


Dungeon Overview and Level Annotations

Branches:
Dungeon (9/15)             Temple (1/1) D:6
   Lair: D:8-11         Orc: D:9-12

Altars:
Ashenzari
Cheibriados
Dithmenos
Elyvilon
Fedhas
Gozag
Hepliaklqana
Kikubaaqudgha
Makhleb
Nemelex Xobeh
Okawaru
Qazlal
Ru
Sif Muna
Trog
Uskayaw
Vehumet
Wu Jian
Xom
Yredelemnul
Zin

Shops:
D:4 ?

Annotations:
D:5 2 transporters


Innate Abilities, Weirdness & Mutations

You are immune to sickness and miasma.
Your stone body is resilient. (AC +8)
You are immune to poison.
You resist negative energy. (rN+)
You are resistant to electric shocks. (rElec)
You are resistant to unholy torment.
You are immune to petrification.


Message History

You slash the shadow!
You destroy the shadow!
Okawaru accepts your kill. As you open the door, it creaks loudly!
There is an open door here.
You now have 572 gold pieces (gained 19).
You open the door.
There is an open door here.
There is an open door here.
A deep elf pyromancer comes into view. It is wielding a +0 dagger.
The deep elf pyromancer shouts!
A deep elf pyromancer is nearby!
The deep elf pyromancer points at you and mumbles some strange words.
The bolt of fire hits you!
The deep elf pyromancer mumbles some strange words.
The deep elf pyromancer points at you and mumbles some strange words.
The bolt of fire hits the fire elemental.
The fire elemental completely resists.
The bolt of fire hits you!! The fire elemental closely misses you.
You are too injured to fight recklessly!
You are too injured to fight recklessly!
You are too injured to fight recklessly!
You are too injured to fight recklessly!
You are too injured to fight recklessly!
You are too injured to fight recklessly!
You are too injured to fight recklessly!
You are too injured to fight recklessly!
You are too injured to fight recklessly!
You are too injured to fight recklessly!
You are too injured to fight recklessly!
Unknown command.
The fire elemental hits you. The fire elemental burns you!
The deep elf pyromancer is engulfed in blazing flames.
You block the fire elemental's attack.
The deep elf pyromancer is engulfed in blazing flames.
The deep elf pyromancer points at you and mumbles some strange words.
The bolt of fire hits the fire elemental.
The fire elemental completely resists.
The bolt of fire hits you!!!
Ouch! That really hurt!
You die...

.###.###........#.#...###.....#
... ####.#...#.#.....#..##.#
.... #>#.....#######.....# ...
#................#####
#.........#...#..#....
#..#......#...#..#....
#..#......#...#..#....
+..#.............#.###
#....@.....####'##.#..
#..........#.#.....#.#
####.#E.......#.#.....#.. .
#....☼........#.'..##.#.. ...
#.E.°.........#######.#..
.....###☼#e................#.#.#
.....E○....................###.#
.###☼°#............#..#..#.....#
...☼ #..#..##.....#.....#......


You could see a deep elf pyromancer and a fire elemental (summoned).

Vanquished Creatures
  Gastronok (D:9)
  Harold (D:7)
  Erica (D:9)
  Maurice (D:9)
  Joseph (D:7)
  Grinder (D:4)
  A shadow (D:9)
  A wyvern (D:7)
  A yak (D:8)
  A water moccasin (D:5)
  2 orc warriors
  3 ice beasts (D:6)
  A necrophage (D:3)
  A sky beast (D:8)
  2 ogres
  5 centaurs
  2 kobold brigands
  3 bullfrogs
  5 scorpions
  A water moccasin zombie (D:3)
  4 wights (D:7)
  3 electric eels (D:6)
  6 howler monkeys
  A centaur zombie (D:6)
  A bullfrog zombie (D:7)
  2 hounds (D:6)
  4 jellies
  4 orc priests
  3 iguanas
  A scorpion zombie (D:5)
  6 orc wizards
  2 howler monkey zombies
  5 adders
  A howler monkey skeleton (D:6)
  2 shadow imps
  2 adder skeletons (D:4)
  A dart slug (D:1)
  22 orcs
  8 endoplasms
  2 giant cockroaches
  7 hobgoblins
  3 jackals (D:1)
  6 quokkas
  4 ball pythons
  6 bats
  3 frilled lizards
  5 goblins
  15 kobolds
  8 rats
172 creatures vanquished.

Vanquished Creatures (collateral kills)
  A goblin (D:4)
  A hobgoblin (D:4)
2 creatures vanquished.

Vanquished Creatures (others)
  21 plants (D:6)
  A withered plant (D:1)
22 creatures vanquished.

Grand Total: 196 creatures vanquished

Notes
Turn   | Place    | Note
-------+----------+-------------------------------------------
     0 | D:1      | bande the Gargoyle Fighter began the quest for the Orb.
     0 | D:1      | Reached XP level 1. HP: 14/14 MP: 1/1
    26 | D:1      | You fall into a shaft and drop 1 floor!
   211 | D:2      | Reached XP level 2. HP: 18/19 MP: 2/2
   212 | D:1      | Found a faded altar of an unknown god.
   311 | D:1      | Reached skill level 2 in Axes
   438 | D:1      | Reached XP level 3. HP: 19/24 MP: 3/3
   832 | D:2      | Found a white marble altar of Elyvilon.
  1802 | D:2      | Reached XP level 4. HP: 29/29 MP: 4/4
  1924 | D:3      | Noticed a necrophage
  1936 | D:3      | Killed a necrophage
  1937 | D:3      | Reached skill level 3 in Axes
  1937 | D:3      | Reached XP level 5. HP: 33/33 MP: 5/5
  1973 | D:3      | Reached skill level 1 in Dodging
  1973 | D:3      | Reached XP level 6. HP: 38/38 MP: 6/6
  2409 | D:4      | Reached skill level 4 in Axes
  2487 | D:4      | Noticed Grinder
  2493 | D:4      | Paralysed by Grinder for 3 turns
  2511 | D:4      | Paralysed by Grinder for 4 turns
  2516 | D:4      | Killed Grinder
  2517 | D:4      | Reached XP level 7. HP: 44/44 MP: 7/7
  2547 | D:4      | Reached skill level 5 in Shields
  2558 | D:4      | Found Velofow's Magic Scroll Shop.
  2713 | D:4      | Reached skill level 5 in Axes
  3315 | D:5      | Entered Level 5 of the Dungeon
  3327 | D:5      | Identified the +7 spear of the Tooth {vorpal, rF+ Will+
                  | Dex-2 Stlth+}
  3417 | D:5      | Reached skill level 5 in Fighting
  3421 | D:5      | Reached XP level 8. HP: 11/49 MP: 8/8
  3472 | D:5      | Found a hide-covered altar of Uskayaw.
  3484 | D:5      | Found a shimmering altar of Xom.
  3493 | D:5      | Reached skill level 5 in Armour
  3527 | D:5      | Found a transporter.
  3593 | D:5      | Found a transporter.
  4243 | D:6      | Reached skill level 1 in Evocations
  4459 | D:6      | Reached skill level 6 in Axes
  4643 | D:6      | Found a staircase to the Ecumenical Temple.
  4660 | Temple   | Entered the Ecumenical Temple
  5058 | D:6      | Reached XP level 9. HP: 43/54 MP: 9/9
  5432 | D:7      | Noticed Joseph
  5441 | D:7      | Noticed Harold
  5453 | D:7      | Killed Joseph
  5454 | D:7      | Reached skill level 7 in Axes
  5461 | D:7      | Killed Harold
  5821 | D:7      | Reached skill level 8 in Axes
  5821 | D:7      | Reached XP level 10. HP: 61/61 MP: 10/10
  7444 | D:8      | Found an ancient bone altar of Kikubaaqudgha.
  7678 | D:9      | Found an iron altar of Okawaru.
  7678 | D:9      | Noticed Gastronok
  7699 | D:9      | Killed Gastronok
  7700 | D:9      | Reached skill level 9 in Axes
  7700 | D:9      | Reached skill level 5 in Evocations
  7724 | D:9      | Became a worshipper of Warmaster Okawaru
  7732 | D:9      | Found an ornate altar of the Wu Jian Council.
  8006 | D:9      | Noticed Maurice
  8018 | D:9      | Killed Maurice
  8019 | D:9      | Reached XP level 11. HP: 67/67 MP: 11/11
  8037 | D:9      | Noticed Erica
  8053 | D:9      | Killed Erica
  8053 | D:9      | Reached * piety under Okawaru
  8054 | D:9      | Reached skill level 1 in Invocations
  8418 | D:9      | Noticed a deep elf pyromancer
  8429 | D:9      | Killed from afar by a deep elf pyromancer

Illustrated notes

Levels and vault maps discovered:
D:1:      eino_arrival_water_cross, layout_basic,
          ebering_ecumenical_altar_petrified, serial_bayou_pond_e,
          solitary_fountain
D:2:      layout_basic, basic_altar
D:3:      layout_loops_ring
D:4:      layout_basic, serial_shops, shop, grunt_decor_cap, uniq_grinder
D:5:      gammafunk_cloud_chamber, layout_basic, grunt_temple_overflow_open,
          serial_curves, eino_curves_02, eino_curves_01, eino_curves_02,
          due_unseen_surprise
D:6:      layout_rooms, minmay_temple_entry_gardened_gates,
          serial_bayou_lagoon_b
D:7:      layout_basic, corexii_corridor_pit, uniq_harold, uniq_joseph
D:8:      layout_layer_cave, kennysheep_mini
D:9:      layout_stronghold, amethyst_overflow_temple_binary, uniq_erica,
          uniq_gastronok, uniq_maurice
Temple:   nicolae_temple_elliptical

Skill      XL: |  1  2  3  4  5  6  7  8  9 10 11 |
---------------+----------------------------------+-----
Axes           | 2 3 4 5 6 8 9 |  9.9
Shields        | 4 5 6 7 |  7.7
Fighting       | 4 5 6 7 |  7.3
Armour         | 4 5 7 8 |  8.0
Dodging        | 1 2 |  2.1
Evocations     | 2 4 5 |  5.8
Invocations    | 1 |  1.8

Action                   |  1- 3 |  4- 6 |  7- 9 | 10-12 || total
-------------------------+-------+-------+-------+-------++-------
Melee: War axe           |   135 |    88 |   197 |   183 ||   603
  Use: Scroll            |     4 |     2 |     5 |     1 ||    12
       Potion            |       |     1 |     2 |     2 ||     5
Armor: Scale mail        |    92 |    53 |    29 |       ||   174
       Plate armour      |       |       |    47 |    99 ||   146
       Skin              |       |       |       |     3 ||     3
Dodge: Dodged            |    72 |    28 |    51 |    26 ||   177
Block: Kite shield       |   110 |    55 |    92 |    86 ||   343

Table legend: (Time is in decaauts)
 A = Elapsed time spent in this place.
 B = Non-inter-level travel time spent in this place.
 C = Inter-level travel time spent in this place.
 D = Time resting spent in this place.
 E = Time spent auto-exploring this place.
 F = Levels seen in this place.
 G = Mean time per level.
                   A        B        C        D        E       F      G
               +--------+--------+--------+--------+--------+-----+--------+
         Total |   8762 |   8694 |     68 |    555 |   5945 |  10 |  876.2 |
       Dungeon |   8505 |   8437 |     68 |    555 |   5787 |   9 |  945.0 |
        Temple |    256 |    256 |      0 |      0 |    158 |   1 |  256.0 |
               +--------+--------+--------+--------+--------+-----+--------+

Top non-repeatable levels by time:
     D:2: 1189 daAuts
     D:8: 1185 daAuts
     D:7: 1174 daAuts
     D:5: 1009 daAuts
     D:4: 929 daAuts
     D:9: 840 daAuts
     D:6: 830 daAuts
     D:3: 722 daAuts
     D:1: 625 daAuts
  Temple: 256 daAuts
